 Dungeon Crawl Stone Soup version 0.17.0-18-gaab0e96 (webtiles) character file.

58 ventricule the Ducker (level 4, -10/27 HPs)
             Began as a Tengu Arcane Marksman on Nov 11, 2015.
             Engulfed by a cloud of flame (22 damage)
             ... on level 2 of the Dungeon.
             The game lasted 00:04:04 (2817 turns).

ventricule the Ducker (Tengu Arcane Marksman)       Turns: 2817, Time: 00:04:04

Health: -10/27     AC:  3    Str: 11    XL:     4   Next: 2%
Magic:  6/6        EV: 13    Int: 13    God:
Gold:   69         SH:  0    Dex: 12    Spells: 1 memorised, 4 levels left

rFire  . . .     SeeInvis .     b - +0 mace
rCold  . . .     Clarity  +     c - +1 robe
rNeg   . . .     SustAt   .     (no shield)
rPois  .         Gourm    .     (helmet restricted)
rElec  .         Spirit   .     (no cloak)
rCorr  .         Warding  .     (no gloves)
rMut   .         Stasis   .     (boots unavailable)
MR     .....                    r - amulet of clarity
Stlth  +.........               l - -3 ring of dexterity (curse)
                                (no ring)

@: not resistant to hostile enchantments, very unstealthy
A: beak, talons 3
a: no special abilities


You were on level 2 of the Dungeon.
You were hungry.

You visited 1 branch of the dungeon, and saw 2 of its levels.

You collected 69 gold pieces.


Innate Abilities, Weirdness & Mutations

You have a beak for a mouth.
You have claws for feet.


   Skills:
 - Level 2.5 Fighting
 + Level 1.5 Maces & Flails
 - Level 2.1 Crossbows
 - Level 3.1 Dodging
 - Level 1.0 Spellcasting
 - Level 2.1 Hexes


You had 4 spell levels left.
You knew the following spells:

 Your Spells              Type           Power        Failure   Level  Hunger
Z - Corona                Hex            #......      14%         1    ##.....

Inventory:

Hand Weapons
 a - a +0 hand crossbow
 b - a +0 mace (weapon)
 e - a +0 dagger
Missiles
 h - 18 bolts
Armour
 c - a +1 robe (worn)
Jewellery
 l - a cursed -3 ring of dexterity (right hand)
 r - an amulet of clarity (around neck)
Scrolls
 f - a scroll of identify {@r1}
 o - 2 scrolls of enchant armour
 q - a scroll of fog
Potions
 g - a potion of brilliance
 j - a potion of curing {unknown}
 k - a potion of lignification {unknown}
 m - a potion of heal wounds {unknown}
 n - a potion of degeneration {unknown}
 p - a potion of cure mutation {unknown}
 s - a potion of ambrosia {unknown}
Books
 d - a book of Debilitation

   Spells                             Type                      Level
   a - Corona                         Hexes                        1
   b - Slow                           Hexes                        2
   c - Gell's Gravitas                Hexes/Translocation          3
   d - Inner Flame                    Hexes/Fire                   3
   e - Cause Fear                     Hexes                        4
   f - Leda's Liquefaction            Hexes/Earth                  4

Dungeon Overview and Level Annotations

Branches:
Dungeon (2/15)

Altars:

▒..............<.▒▒
▒................▒.
▒.......[........▒.
.....▒
▒................▒.
..%...▒
▒..................
.......
▒..............>.▒.
.....(.
▒▒.................
......r
▒▒▒▒>...............
.....##
▒.#Q.......▒▒▒▒▒▒...
..<.(##▒▒▒#▒▒▒▒▒....▒
▒▒.... .....######▒
▒.▒.▒▒ ▒..▒.▒
.....#▒▒▒▒▒▒ ......
▒.▒▒.▒ ...>. ....
▒.▒▒.▒ .... .. ▒(▒..▒
... ▒.▒.▒▒ .. ▒▒.▒.▒
. ▒▒▒▒▒▒....▒▒


There were no monsters in sight!


Message History

There is a stone staircase leading down here.
Found 9 poisoned needles.
Found a stone staircase leading up.
Found an escape hatch in the floor.
A rat comes into view.
Found 17 stones and a bread ration.
Put on which piece of jewellery? (? for menu, Esc to quit)
Okay, then.
Read which item? (? for menu, Esc to quit)
As you read the scroll labeled QITINTIMUTSA, it crumbles to dust.
The creatures around you are filled with an inner flame!
It was a scroll of immolation.
Read which item? (? for menu, Esc to quit)
As you read the scroll labeled HUNOBE GEAHOAVEI, it crumbles to dust.
It is a scroll of enchant armour.
Enchant which item? (? for menu, Esc to quit)
Your +0 robe glows green for a moment.
Read which item? (? for menu, Esc to quit)
As you read the scroll labeled LINLIHY OCOVIN, it crumbles to dust.
The scroll dissolves into smoke.
It was a scroll of fog.
You hit the rat but do no damage. The rat bites you but does no damage.
You closely miss the rat. The rat barely misses you.
The rat closely misses you.
You hit the rat. You claw the rat.
The rat explodes!
The fiery explosion engulfs you!
Ouch! That really hurt!
* * * LOW HITPOINT WARNING * * *
You are engulfed in roaring flames.
Ouch! That really hurt!
You die...

Action                   |  1- 3 |  4- 6 || total
-------------------------+-------+-------++-------
Melee: Unarmed           |    15 |       ||    15
       Dagger            |   106 |       ||   106
       Mace              |    54 |     3 ||    57
 Fire: Hand crossbow     |    11 |       ||    11
 Cast: Corona            |    22 |       ||    22
  Use: Scroll            |     2 |     3 ||     5
  Eat: Chunk             |     2 |       ||     2
       Bread ration      |     1 |       ||     1

Vault maps used:
D:1:      matt_arrival_refuge
D:2:      due_unseen_surprise

Notes
Turn   | Place    | Note
--------------------------------------------------------------
     0 | D:1      | ventricule the Tengu Arcane Marksman began the quest for the Orb.
     0 | D:1      | Reached XP level 1. HP: 12/12 MP: 3/3
   707 | D:1      | Reached XP level 2. HP: 15/17 MP: 1/4
   714 | D:1      | Reached skill level 2 in Fighting
   850 | D:1      | Reached XP level 3. HP: 6/21 MP: 5/5
  1070 | D:1      | Reached skill level 3 in Dodging
  2152 | D:1      | Reached skill level 1 in Maces & Flails
  2610 | D:2      | Reached XP level 4. HP: 11/27 MP: 4/6
  2817 | D:2      | Engulfed by a cloud of flame

Vanquished Creatures
  A gnoll (D:1)
  An adder (D:1)
  3 giant geckos (D:1)
  A ball python (D:1)
  5 bats
  A giant cockroach (D:1)
  7 goblins (D:1)
  5 hobgoblins (D:1)
  3 kobolds (D:1)
  3 giant newts (D:1)
  4 jackals
  5 rats
39 creatures vanquished.
